| TOP OF THE 1ST |
|
Ogden Raptors batting - Pitching for Miami (APP) Marlins : LHP David Zuniga
|
|
Pitching: LHP David Zuniga
|
|
|
Batting: RHB Felipe Rivera
|
0-0: Ball 1-0: Ball 2-0: Called Strike 2-1: Ball 3-1: Called Strike 3-2: Strikes out swinging
|
|
Batting: RHB Carlos Gonzalez
|
0-0: Ball 1-0: Called Strike 1-1: Swinging Strike 1-2: Foul Ball, location: 2F 1-2: Ball 2-2: Foul Ball, location: 2F 2-2: Foul Ball, location: 2F 2-2: Foul Ball, location: 2RF, Error on foul ball, E2 2-2: Foul Ball, location: 2F 2-2: Strikes out swinging
|
|
Batting: SHB Guy Jerome
|
0-0: Ball 1-0: Foul Ball, location: 2F 1-1: Swinging Strike 1-2: TRIPLE (Flyball, 89XD, EV 106.2 MPH)
|
|
Pinch Runner at 3rd Javy Franco:
|
|
|
Batting: RHB Jerry Sanchez
|
0-0: Called Strike 0-1: Ground out 5-3 (Groundball, 56, EV 102.5 MPH)
|
| Top of the 1st over - 0 runs, 1 hit, 1 error, 1 left on base; Ogden 0 - Miami (APP) 0 |
| BOTTOM OF THE 1ST |
|
Miami (APP) Marlins batting - Pitching for Ogden Raptors : RHP Zach Clausen
|
|
Pitching: RHP Zach Clausen
|
|
|
Batting: RHB Robbie Gomez
|
0-0: Ball 1-0: Ball 2-0: Foul Ball, location: 2F 2-1: Ball 3-1: Ground out 6-3 (Groundball, 6, EV 105.0 MPH)
|
|
Batting: RHB Tony Ledezma
|
0-0: Fly out, F7 (Flyball, 7S, EV 91.9 MPH)
|
|
Batting: RHB Clark Meagher
|
0-0: Foul Ball, location: 2F 0-1: Ball 1-1: Ball 2-1: Ball 3-1: Foul Ball, location: 2F 3-2: Base on Balls
|
|
Batting: RHB Rick English
|
0-0: Called Strike 0-1: Swinging Strike 0-2: Strikes out swinging
|
| Bottom of the 1st over - 0 runs, 0 hits, 0 errors, 1 left on base; Ogden 0 - Miami (APP) 0 |
| TOP OF THE 2ND |
|
Ogden Raptors batting - Pitching for Miami (APP) Marlins : LHP David Zuniga
|
|
Batting: RHB Mike Kaczor
|
0-0: SINGLE (Line Drive, 6D, EV 106.2 MPH)
|
|
Batting: LHB Pedro Garza
|
0-0: Ball 1-0: Called Strike 1-1: Ball 2-1: Foul Ball, location: 2F 2-2: Foul Ball, location: 2F 2-2: Foul Ball, location: 2F 2-2: Foul Ball, location: 2F 2-2: DOUBLE (Flyball, 8RXD, EV 100.0 MPH) Mike Kaczor to third
|
|
Batting: SHB Jason Todd
|
0-0: Foul Ball, location: 2F 0-1: Ball 1-1: Ball 2-1: Called Strike 2-2: Strikes out swinging
|
|
Batting: RHB Alex Diaz
|
0-0: Ball 1-0: Ground out 6-3 (Groundball, 6M, EV 84.4 MPH) Mike Kaczor scores Pedro Garza to third
|
|
Batting: RHB Guillermo Puente
|
0-0: Ball 1-0: Ball 2-0: Ball 3-0: Foul Ball, location: 2F 3-1: Called Strike 3-2: Base on Balls
|
|
Batting: RHB Felipe Rivera
|
0-0: Ball 1-0: Ball 2-0: SINGLE (Line Drive, 8RS, EV 87.5 MPH) Pedro Garza scores Guillermo Puente to second Runner from 2nd tries for 3rd, SAFE, throw by CF made to third
|
|
Batting: RHB Carlos Gonzalez
|
0-0: Ball Felipe Rivera is caught stealing 2nd base 2-4
|
| Top of the 2nd over - 2 runs, 3 hits, 0 errors, 1 left on base; Ogden 2 - Miami (APP) 0 |
| BOTTOM OF THE 2ND |
|
Miami (APP) Marlins batting - Pitching for Ogden Raptors : RHP Zach Clausen
|
|
Batting: LHB Tony Olmos
|
0-0: Ball 1-0: Ball 2-0: Ball 3-0: Called Strike 3-1: Base on Balls
|
|
Batting: RHB David Martin
|
0-0: Ball 1-0: Foul Ball, location: 2F 1-1: Swinging Strike 1-2: Foul Ball, location: 2F 1-2: Foul Ball, location: 2F 1-2: Ball 2-2: Ball 3-2: Foul Ball, location: 2F 3-2: Foul Ball, location: 2F 3-2: Strikes out looking
|
|
Batting: RHB Axel Moltke
|
0-0: SINGLE (Groundball, 56D, EV 99.4 MPH) Tony Olmos to second
|
|
Batting: RHB Terrell Smith
|
0-0: Ball 1-0: Swinging Strike 1-1: Foul Ball, location: 2F 1-2: Ball 2-2: Ball 3-2: Base on Balls Tony Olmos to third Axel Moltke to second
|
|
Batting: RHB Hikaru Nakata
|
0-0: Ball 1-0: SINGLE (Groundball, 6M, EV 98.1 MPH) Tony Olmos scores Axel Moltke to third Terrell Smith to second Runner from 3rd tries for Home, throw by CF and OUT! 8-2
|
|
Batting: RHB Robbie Gomez
|
0-0: Ground out 6-3 (Groundball, 6M, EV 102.5 MPH)
|
| Bottom of the 2nd over - 1 run, 2 hits, 0 errors, 2 left on base; Ogden 2 - Miami (APP) 1 |
| TOP OF THE 3RD |
|
Ogden Raptors batting - Pitching for Miami (APP) Marlins : LHP David Zuniga
|
|
Batting: RHB Carlos Gonzalez
|
0-0: Ball 1-0: Ball 2-0: Foul Ball, location: 2F 2-1: Foul Ball, location: 2F 2-2: SOLO HOME RUN (Flyball, 78XD, EV 113.8 MPH), Distance : 453 ft
|
|
Batting: SHB Javy Franco
|
0-0: Called Strike 0-1: Ball 1-1: Swinging Strike 1-2: Fly out, F8 (Flyball, 8LM, EV 80.0 MPH)
|
|
Batting: RHB Jerry Sanchez
|
0-0: Ball 1-0: SOLO HOME RUN (Flyball, 9D, EV 97.5 MPH), Distance : 378 ft
|
|
Batting: RHB Mike Kaczor
|
0-0: Called Strike 0-1: Ball 1-1: Ball 2-1: Fly out, F8 (Flyball, 78M, EV 98.1 MPH)
|
|
Batting: LHB Pedro Garza
|
0-0: Ball 1-0: Ball 2-0: Ball 3-0: Base on Balls
|
|
Batting: SHB Jason Todd
|
0-0: Swinging Strike 0-1: Called Strike 0-2: Ball 1-2: Foul Ball, location: 2F 1-2: Foul Ball, location: 2F 1-2: Strikes out swinging
|
| Top of the 3rd over - 2 runs, 2 hits, 0 errors, 1 left on base; Ogden 4 - Miami (APP) 1 |
| BOTTOM OF THE 3RD |
|
Miami (APP) Marlins batting - Pitching for Ogden Raptors : RHP Zach Clausen
|
|
Batting: RHB Tony Ledezma
|
0-0: Foul Ball, location: 2F 0-1: Ball 1-1: Ground out 6-3 (Groundball, 6M, EV 90.0 MPH)
|
|
Batting: RHB Clark Meagher
|
0-0: Called Strike 0-1: Ball 1-1: Foul Ball, location: 2F 1-2: Fly out, F7 (Line Drive, 7, EV 87.5 MPH)
|
|
Batting: RHB Rick English
|
0-0: Ground out U3 (Groundball, 34, EV 93.8 MPH)
|
| Bottom of the 3rd over - 0 runs, 0 hits, 0 errors, 0 left on base; Ogden 4 - Miami (APP) 1 |
| TOP OF THE 4TH |
|
Ogden Raptors batting - Pitching for Miami (APP) Marlins : LHP David Zuniga
|
|
Batting: RHB Alex Diaz
|
0-0: Ball 1-0: Ball 2-0: Foul Ball, location: 2F 2-1: Ball 3-1: Base on Balls
|
|
Batting: RHB Guillermo Puente
|
0-0: Ball 1-0: Called Strike 1-1: Foul Ball, location: 2F 1-2: Strikes out swinging
|
|
Pitching: RHP Aidan Mitchell
|
|
|
Batting: RHB Felipe Rivera
|
0-0: Ball 1-0: Called Strike 1-1: Fielders Choice at 2nd, 4-6 (Groundball, 4D, EV 103.8 MPH)
|
|
Batting: RHB Carlos Gonzalez
|
0-0: Ball 1-0: Ball 2-0: Ball 3-0: Called Strike 3-1: Base on Balls Felipe Rivera to second
|
|
Batting: SHB Javy Franco
|
0-0: Ball 1-0: Foul Ball, location: 2F 1-1: Foul Ball, location: 2F 1-2: Fly out, F8 (Flyball, 8LD, EV 99.4 MPH)
|
| Top of the 4th over - 0 runs, 0 hits, 0 errors, 2 left on base; Ogden 4 - Miami (APP) 1 |
| BOTTOM OF THE 4TH |
|
Miami (APP) Marlins batting - Pitching for Ogden Raptors : RHP Zach Clausen
|
|
Batting: LHB Tony Olmos
|
0-0: Called Strike 0-1: Foul Ball, location: 2F 0-2: Ball 1-2: Ball 2-2: Ball 3-2: SOLO HOME RUN (Flyball, 89XD, EV 103.1 MPH), Distance : 410 ft
|
|
Batting: RHB David Martin
|
0-0: Called Strike 0-1: Called Strike 0-2: Ball 1-2: Ball 2-2: Ball 3-2: Foul Ball, location: 2F 3-2: Foul Ball, location: 2F 3-2: SOLO HOME RUN (Flyball, 7LD, EV 94.4 MPH), Distance : 352 ft
|
|
Batting: RHB Axel Moltke
|
0-0: Ball 1-0: Ground out 6-3 (Groundball, 6, EV 83.1 MPH)
|
|
Batting: RHB Terrell Smith
|
0-0: Ball 1-0: Ball 2-0: Bunt - Flyout to 5S! F5
|
|
Batting: RHB Hikaru Nakata
|
0-0: Foul Ball, location: 2F 0-1: Ball 1-1: Ground out 6-3 (Groundball, 6, EV 100.0 MPH)
|
| Bottom of the 4th over - 2 runs, 2 hits, 0 errors, 0 left on base; Ogden 4 - Miami (APP) 3 |
| TOP OF THE 5TH |
|
Ogden Raptors batting - Pitching for Miami (APP) Marlins : RHP Aidan Mitchell
|
|
Batting: RHB Jerry Sanchez
|
0-0: Ball 1-0: Ball 2-0: Fly out, F8 (Flyball, 8LS, EV 83.8 MPH)
|
|
Batting: RHB Mike Kaczor
|
0-0: Foul Ball, location: 2F 0-1: Ball 1-1: Ground out 4-3 (Groundball, 4, EV 90.0 MPH)
|
|
Batting: LHB Pedro Garza
|
0-0: Ball 1-0: Swinging Strike 1-1: Ball 2-1: Ball 3-1: Base on Balls
|
|
Batting: SHB Jason Todd
|
0-0: Foul Ball, location: 2F 0-1: Foul Ball, location: 2F 0-2: Ball 1-2: Ball 2-2: Strikes out swinging
|
| Top of the 5th over - 0 runs, 0 hits, 0 errors, 1 left on base; Ogden 4 - Miami (APP) 3 |
| BOTTOM OF THE 5TH |
|
Miami (APP) Marlins batting - Pitching for Ogden Raptors : RHP Zach Clausen
|
|
Batting: RHB Robbie Gomez
|
0-0: Foul Ball, location: 2F 0-1: Foul Ball, location: 2F 0-2: Ball 1-2: Foul Ball, location: 2F 1-2: Ground out 6-3 (Groundball, 6, EV 87.5 MPH)
|
|
Batting: RHB Tony Ledezma
|
0-0: Ball 1-0: Called Strike 1-1: Ball 2-1: Foul Ball, location: 2F 2-2: Ball 3-2: Ground out 4-3 (Groundball, 4, EV 101.2 MPH)
|
|
Batting: RHB Clark Meagher
|
0-0: Called Strike 0-1: Ball 1-1: Foul Ball, location: 2F 1-2: Foul Ball, location: 2F 1-2: Ball 2-2: Ball 3-2: Foul Ball, location: 2F 3-2: DOUBLE (Flyball, 78XD, EV 103.8 MPH) - OUT at third base trying to stretch hit.
|
| Bottom of the 5th over - 0 runs, 1 hit, 0 errors, 0 left on base; Ogden 4 - Miami (APP) 3 |
| TOP OF THE 6TH |
|
Ogden Raptors batting - Pitching for Miami (APP) Marlins : RHP Aidan Mitchell
|
|
Batting: RHB Alex Diaz
|
0-0: Ball 1-0: Ball 2-0: Fly out, F9 (Line Drive, 9, EV 95.0 MPH)
|
|
Batting: RHB Guillermo Puente
|
0-0: Ball 1-0: Swinging Strike 1-1: Foul Ball, location: 2F 1-2: Strikes out looking
|
|
Batting: RHB Felipe Rivera
|
0-0: Ball 1-0: Foul Ball, location: 2F 1-1: Foul Ball, location: 2F 1-2: Ball 2-2: Strikes out swinging
|
| Top of the 6th over - 0 runs, 0 hits, 0 errors, 0 left on base; Ogden 4 - Miami (APP) 3 |
| BOTTOM OF THE 6TH |
|
Miami (APP) Marlins batting - Pitching for Ogden Raptors : RHP Zach Clausen
|
|
Pitching: LHP Cao-Ky Trieu
|
|
|
Batting: RHB Rick English
|
0-0: Foul Ball, location: 2F 0-1: Ball 1-1: Ball 2-1: Ball 3-1: Ground out U3 (Groundball, 34S, EV 82.5 MPH)
|
|
Batting: LHB Tony Olmos
|
0-0: Foul Ball, location: 2F 0-1: Ball 1-1: Ball 2-1: Foul Ball, location: 2F 2-2: DOUBLE (Flyball, 7LD, EV 106.2 MPH)
|
|
Batting: RHB David Martin
|
0-0: Swinging Strike 0-1: Ball 1-1: Ball 2-1: Fly out, F9 (Flyball, 9LS, EV 83.8 MPH)
|
|
Batting: RHB Axel Moltke
|
0-0: Called Strike 0-1: Reached on error, E6 (Groundball, 6M, EV 88.8 MPH) Tony Olmos to third
|
|
Batting: RHB Terrell Smith
|
0-0: Called Strike 0-1: Foul Ball, location: 2F 0-2: Ball 1-2: Ball 2-2: SINGLE (Groundball, 6M, EV 103.8 MPH) Tony Olmos scores Axel Moltke to second Runner from 2nd tries for 3rd, SAFE, throw by CF made to third
|
|
Batting: RHB Hikaru Nakata
|
0-0: Ball 1-0: Called Strike 1-1: Ball 2-1: Foul Ball, location: 2F 2-2: Strikes out swinging
|
| Bottom of the 6th over - 1 run, 2 hits, 1 error, 2 left on base; Ogden 4 - Miami (APP) 4 |
| TOP OF THE 7TH |
|
Ogden Raptors batting - Pitching for Miami (APP) Marlins : RHP Aidan Mitchell
|
|
Pitching: RHP Santiago Navarro
|
|
|
Batting: RHB Carlos Gonzalez
|
0-0: Called Strike 0-1: Called Strike 0-2: Foul Ball, location: 2F 0-2: Ball 1-2: Ball 2-2: SOLO HOME RUN (Flyball, 7LD, EV 96.2 MPH), Distance : 358 ft
|
|
Batting: SHB Javy Franco
|
0-0: Foul Ball, location: 2F 0-1: Ball 1-1: Ground out 5-3 (Groundball, 56, EV 85.6 MPH)
|
|
Batting: RHB Jerry Sanchez
|
0-0: Called Strike 0-1: Called Strike 0-2: Strikes out swinging
|
|
Batting: RHB Mike Kaczor
|
0-0: Ball 1-0: Called Strike 1-1: Called Strike 1-2: Strikes out looking
|
| Top of the 7th over - 1 run, 1 hit, 0 errors, 0 left on base; Ogden 5 - Miami (APP) 4 |
| BOTTOM OF THE 7TH |
|
Miami (APP) Marlins batting - Pitching for Ogden Raptors : LHP Cao-Ky Trieu
|
|
Batting: RHB Robbie Gomez
|
0-0: Foul Ball, location: 2F 0-1: Ball 1-1: Ball 2-1: Swinging Strike 2-2: Ground out 3-1 (Groundball, 34, EV 83.1 MPH)
|
|
Batting: RHB Tony Ledezma
|
0-0: Ball 1-0: Ball 2-0: Ball 3-0: Base on Balls
|
|
Batting: RHB Clark Meagher
|
0-0: SINGLE (Groundball, 6MD, EV 96.9 MPH) Tony Ledezma to second Runner from 2nd tries for 3rd, OUT! 8-5
|
|
Batting: RHB Rick English
|
0-0: Ball 1-0: Fly out, F7 (Flyball, 7, EV 91.9 MPH)
|
| Bottom of the 7th over - 0 runs, 1 hit, 0 errors, 1 left on base; Ogden 5 - Miami (APP) 4 |
| TOP OF THE 8TH |
|
Ogden Raptors batting - Pitching for Miami (APP) Marlins : RHP Santiago Navarro
|
|
Pitching: LHP Matt Boehm
|
|
|
Batting: LHB Pedro Garza
|
0-0: Foul Ball, location: 2F 0-1: Ground out 6-3 (Groundball, 6, EV 81.2 MPH)
|
|
Batting: SHB Jason Todd
|
0-0: Ball 1-0: Called Strike 1-1: Ball 2-1: Called Strike 2-2: Strikes out swinging
|
|
Batting: RHB Alex Diaz
|
0-0: Called Strike 0-1: Swinging Strike 0-2: Ball 1-2: Ball 2-2: Ball 3-2: Foul Ball, location: 2F 3-2: Base on Balls
|
|
Batting: RHB Guillermo Puente
|
0-0: Ball Alex Diaz steals 2nd, throwing error, E2 Alex Diaz to third 1-0: Called Strike 1-1: Called Strike 1-2: Ball 2-2: Ball Wild Pitch! Alex Diaz scores 3-2: Foul Ball, location: 2F 3-2: Base on Balls
|
|
Batting: RHB Felipe Rivera
|
0-0: Foul Ball, location: 2F 0-1: Ball Guillermo Puente is caught stealing 2nd base 2-4
|
| Top of the 8th over - 1 run, 0 hits, 1 error, 0 left on base; Ogden 6 - Miami (APP) 4 |
| BOTTOM OF THE 8TH |
|
Miami (APP) Marlins batting - Pitching for Ogden Raptors : LHP Cao-Ky Trieu
|
|
Now in LF: Guillermo Puente
|
|
|
Now in RF: Kekoa Kahele
|
|
|
Batting: LHB Tony Olmos
|
0-0: Fly out, F6 (Popup, 6, EV 62.5 MPH)
|
|
Batting: RHB David Martin
|
0-0: Ball 1-0: Ball 2-0: Called Strike 2-1: Called Strike 2-2: Ball 3-2: Base on Balls
|
|
Batting: RHB Axel Moltke
|
0-0: Ball 1-0: Swinging Strike 1-1: Called Strike 1-2: Foul Ball, location: 2F 1-2: Fielders Choice at 2nd, 3-6 (Groundball, 23, EV 86.9 MPH)
|
|
Batting: RHB Terrell Smith
|
0-0: Foul Ball, location: 2F 0-1: Foul Ball, location: 2F 0-2: Foul Ball, location: 2F 0-2: Ground out 6-3 (Groundball, P, EV 82.5 MPH)
|
| Bottom of the 8th over - 0 runs, 0 hits, 0 errors, 1 left on base; Ogden 6 - Miami (APP) 4 |
| TOP OF THE 9TH |
|
Ogden Raptors batting - Pitching for Miami (APP) Marlins : LHP Matt Boehm
|
|
Batting: RHB Felipe Rivera
|
0-0: Ball 1-0: Ground out U3 (Groundball, 13, EV 84.4 MPH)
|
|
Batting: RHB Carlos Gonzalez
|
0-0: Ball 1-0: Called Strike 1-1: Foul Ball, location: 2F 1-2: Ball 2-2: Hit by Pitch
|
|
Pinch Runner at 1st David Watkins:
|
|
|
Batting: SHB Javy Franco
|
0-0: Ball 1-0: Called Strike 1-1: Ball 2-1: Foul Ball, location: 2F 2-2: Foul Ball, location: 2F 2-2: Foul Ball, location: 2F 2-2: Ground out 5-3 (Groundball, 5L, EV 105.6 MPH) David Watkins to second
|
|
Batting: RHB Jerry Sanchez
|
0-0: Called Strike 0-1: DOUBLE (Line Drive, 8LXD, EV 99.4 MPH) David Watkins scores
|
|
Batting: RHB Mike Kaczor
|
0-0: SINGLE (Groundball, 56D, EV 103.8 MPH) Jerry Sanchez to third Runner from 3rd tries for Home, SAFE, throw by LF to home
|
|
Pitching: RHP Carlos Segura
|
|
|
Batting: RHB Kekoa Kahele
|
0-0: Called Strike 0-1: Swinging Strike 0-2: Ball 1-2: Strikes out looking
|
| Top of the 9th over - 2 runs, 2 hits, 0 errors, 1 left on base; Ogden 8 - Miami (APP) 4 |
| BOTTOM OF THE 9TH |
|
Miami (APP) Marlins batting - Pitching for Ogden Raptors : LHP Cao-Ky Trieu
|
|
Pitching: RHP Mike Barnhill
|
|
|
Now at 1B: David Watkins
|
|
|
Batting: RHB Hikaru Nakata
|
0-0: Called Strike 0-1: Ball 1-1: Called Strike 1-2: Ball 2-2: Ball 3-2: Ground out 6-3 (Groundball, 6, EV 107.5 MPH)
|
|
Batting: RHB Robbie Gomez
|
0-0: Ball 1-0: Called Strike 1-1: Ball 2-1: Ground out 5-3 (Groundball, 56, EV 105.6 MPH)
|
|
Batting: RHB Tony Ledezma
|
0-0: Ball 1-0: Ball 2-0: Called Strike 2-1: Ground out U3 (Groundball, 34, EV 90.0 MPH)
|
| Bottom of the 9th over - 0 runs, 0 hits, 0 errors, 0 left on base; Ogden 8 - Miami (APP) 4 |
|